Cogmind - Beta 10.2 *** ADVENTURER MODE // 2021.04.24 @ 21:31:56 Player: Gules Result: Destroyed by as-39360 with Assembled Heavy Rifle Performance ------------- Evolutions (1) 500 Regions Visited (3) 600 Robots Destroyed (41) 205 Value Destroyed (809) 809 Prototype IDs (0) 0 Alien Tech Used (0) 0 Bonus (0) 0 TOTAL SCORE: 2114 Bonus ------- None Cogmind --------- Core Integrity 0/400 Matter 214/300 Energy 100/100 System Corruption 4% Temperature Cool (0) Movement Core (300) Ox5 Location -9/Mines Parts ------- > --- POWER (1) -------- (None) > --- PROPULSION (3) --- Aluminum Leg > --- UTILITY (2) ------ Large Storage Unit > --- WEAPON (3) ------- (None) > --- INVENTORY (10) --- Signal Interpreter Peak State ------------ > --- POWER ------------ Light Ion Engine > --- PROPULSION ------- Aluminum Leg Aluminum Leg > --- UTILITY ---------- Large Storage Unit Medium Battery > --- WEAPON ----------- EM Shotgun Light Assault Rifle Autogun > --- INVENTORY -------- Signal Interpreter Grenade Launcher [Rating: 10] Favorites ----------- Power Light Ion Engine Engine Light Ion Engine Propulsion Aluminum Leg Leg Aluminum Leg Utility Medium Battery Storage Medium Battery Weapon Light Assault Rifle Energy Gun EM Pulse Gun Ballistic Gun Light Assault Rifle Launcher Grenade Launcher Build | -11 -10 -9 -9 ------- Run | Scr Mat Mat Min Slots Evolved 2 | . . 2 . Power . | . . . . Propulsion 1 | . . 1 . Utility . | . . . . Weapon 1 | . . 1 . Parts Attached 23 | 6 4 7 6 Power 3 | 1 1 1 . Engine 3 | 1 1 1 . Core . | . . . . Reactor . | . . . . Propulsion 6 | 3 . 1 2 Treads . | . . . . Leg 6 | 3 . 1 2 Wheel . | . . . . Hover . | . . . . Flight . | . . . . Utility 2 | . 2 . . Device . | . . . . Storage 2 | . 2 . . Processor . | . . . . Hackware . | . . . . Protection . | . . . . Artifact . | . . . . Weapon 12 | 2 1 5 4 Energy Gun 4 | 1 . 2 1 Energy Cannon . | . . . . Ballistic Gun 7 | 1 1 2 3 Ballistic Cannon . | . . . . Launcher 1 | . . 1 . Special Weapon . | . . . . Impact Weapon . | . . . . Slashing Weapon . | . . . . Piercing Weapon . | . . . . Special Melee Weapon . | . . . . Unidentified Prototypes . | . . . . Parts Lost 18 | . 2 9 7 Power 3 | . 1 1 1 Propulsion 4 | . . 3 1 Utility 1 | . . . 1 Weapon 10 | . 1 5 4 Highest Loss Streak 6 | . 1 6 6 Average Slot Usage (%) 82 | . 89 76 63 Engine 10 | . 13 9 1 Leg 23 | . 28 18 15 Storage 23 | . 24 22 20 Energy Gun 7 | . 7 8 . Ballistic Gun 16 | . 14 17 25 Naked Turns . | . . . . Heaviest Build 28 | 6 24 28 24 Greatest Support 20 | 20 20 20 20 Greatest Overweight (x) 7 | . 1 7 7 Average Overweight (x) . | . . 1 1 Largest Inventory Capacity 10 | 4 10 10 10 Average Capacity 9 | 4 9 10 10 Most Carried 3 | 2 2 3 3 Average Carried 1 | . . 1 1 Final Capacity 10 | 4 10 10 10 Final Carried 2 | . 2 1 1 Class Distribution -------------------- 72% | Mutant 21% | Gunner 6% | Scavenger-Gunner Dominant Class ---------------- Mutant | -10/Materials Gunner | -9/Materials Scavenger-Gunner | -9/Mines Resources | -11 -10 -9 -9 ----------- Run | Scr Mat Mat Min Matter Collected 660 | 256 68 213 123 Remotely . | . . . . Salvage Created 1111 | . 344 654 113 Parts 86 | . 25 57 4 Haulers Intercepted . | . . . . Recyclers Shooed 2 | . 1 1 . Parts Field Recycled . | . . . . Retrieved Matter . | . . . . Parts Self-Destructed . | . . . . Prevented . | . . . . Kills | -11 -10 -9 -9 ------- Run | Scr Mat Mat Min Combat Hostiles Destroyed 27 | . 9 13 5 Guns 25 | . 9 11 5 AOE 2 | . . 2 . Classes Destroyed 8 | . 4 3 1 Worker 3 | . . 3 . Builder 5 | . . 5 . Recycler 1 | . 1 . . Watcher 6 | . 2 4 . Swarmer 11 | . 6 3 2 Grunt 12 | . 3 7 2 Sentry 3 | . . 3 . Assembled 1 | . . . 1 Best Kill Streak 11 | . 4 11 2 Combat Bots Only 5 | . 3 5 2 Max Kills in Single Turn 3 | . 2 3 1 Gunslinging 1 | . 1 . . Exploded 1 | . . 1 . Melee . | . . . . Uniques/NPCs Destroyed . | . . . . Combat | -11 -10 -9 -9 -------- Run | Scr Mat Mat Min Damage Taken 1824 | . 303 847 674 Core 474 | . 63 191 220 Absorbed by Shields . | . . . . Core Remaining (%) 87 | 100 74 . . Volleys Fired 117 | . 34 63 20 Largest 3 | . 2 3 3 Hottest 98 | . 60 98 63 Shots Fired 218 | . 58 127 33 Gun 212 | . 58 121 33 Cannon . | . . . . Launcher 6 | . . 6 . Special . | . . . . Kinetic 157 | . 34 93 30 Thermal 8 | . . 5 3 Explosive 6 | . . 6 . Electromagnetic 47 | . 24 23 . Robot Hit Streak 29 | . 13 29 24 Robot Miss Streak 4 | . 2 3 4 Penetration Max . | . . . . Secondary Targets 4 | . 3 1 . Max Gunslinging Chain 1 | . 1 1 . Shots Hit Robots 165 | . 42 95 28 Core Hits 84 | . 19 46 19 Critical Hits 3 | . . 2 1 Critical Kills . | . . . . Critical Parts Destroyed 3 | . . 2 1 Melee Attacks . | . . . . Impact . | . . . . Slashing . | . . . . Piercing . | . . . . Sneak Attacks . | . . . . Combat Hostiles . | . . . . Follow-up Attacks . | . . . . Damage Inflicted 2522 | . 533 1610 379 Guns 1887 | . 443 1071 373 Cannons . | . . . . Explosions 621 | . 82 539 . Melee . | . . . . Ramming 14 | . 8 . 6 Kinetic 1227 | . 194 672 361 Thermal 198 | . 82 104 12 Explosive 506 | . . 506 . Electromagnetic 577 | . 249 328 . Impact . | . . . . Slashing . | . . . . Piercing . | . . . . Highest Corruption 4 | . . . 4 Average Corruption 3 | . . . 3 Corruption Purged . | . . . . Overload Shots . | . . . . Overflow Damage . | . . . . Projectiles . | . . . . Explosions . | . . . . Melee . | . . . . Knockbacks . | . . . . Impact . | . . . . Kinetic . | . . . . Secondary . | . . . . Self-Inflicted Damage 38 | . 4 32 2 Shots 1 | . . 1 . Rammed 4 | . 1 . 3 Targets Rammed 4 | . 1 . 3 Kicked . | . . . . Crushed . | . . . . Highest Temperature 121 | . 121 121 21 Average Temperature 42 | . 46 42 11 Received Heat Transfer 687 | . 174 411 102 Siege Activations . | . . . . Robots Corrupted . | . . . . Combat Hostiles . | . . . . Parts Fried 1 | . . 1 . Impact Corruptions . | . . . . Robots Melted . | . . . . Combat Hostiles . | . . . . Parts Melted . | . . . . Heat Transferred 410 | . 100 285 25 Parts Sabotaged . | . . . . Parts Stolen . | . . . . Parts Stripped . | . . . . Power Chain Reactions 2 | . 1 1 . Missiles Intercepted . | . . . . Alert | -11 -10 -9 -9 ------- Run | Scr Mat Mat Min Peak Influence 259 | . 137 259 190 Initial 85 | . . . 85 Average 59 | . 28 82 173 Maximum Alert Level 1 | . . 1 . Low Security (%) 95 | 100 100 85 100 Level 1 4 | . . 14 . Level 2 . | . . . . Level 3 . | . . . . Level 4 . | . . . . Level 5 . | . . . . High Security . | . . . . Max Security . | . . . . Squads Dispatched 3 | . 1 2 . Investigation 1 | . 1 . . Extermination . | . . . . Reinforcement 2 | . . 2 . Assault . | . . . . Garrison . | . . . . Intercept . | . . . . Construction Impeded 1 | . . 1 . Haulers Reinforced . | . . . . Stealth | -11 -10 -9 -9 --------- Run | Scr Mat Mat Min Distress Signals 3 | . 1 2 . Communications Jammed . | . . . . Distress Signals . | . . . . Times Spotted 49 | . 14 24 11 Peak Tracking Total 5 | . 5 5 5 Tactical Retreats 1 | . . . 1 Traps | -11 -10 -9 -9 ------- Run | Scr Mat Mat Min Traps Triggered 1 | . 1 . . Indirectly . | . . . . Trap Hack Attempts . | . . . . Triggered . | . . . . Disarmed . | . . . . Reprogrammed . | . . . . Reused . | . . . . Traps Extracted . | . . . . Installed . | . . . . Triggered . | . . . . Machines | -11 -10 -9 -9 ---------- Run | Scr Mat Mat Min Machines Disabled . | . . . . Max in Single Turn . | . . . . Machines Sabotaged . | . . . . Garrisons Compromised . | . . . . Overloaded Fab Kills . | . . . . Fab Network Shutdowns . | . . . . Hacking | -11 -10 -9 -9 --------- Run | Scr Mat Mat Min Machines Accessed 1 | . 1 . . Terminals 1 | . 1 . . Fabricators . | . . . . Repair Stations . | . . . . Recycling Units . | . . . . Scanalyzers . | . . . . Garrison Access . | . . . . Total Hacks 4 | . 4 . . Successful 4 | . 4 . . Failed . | . . . . Catastrophic . | . . . . Database Lockouts . | . . . . Manual 1 | . . 1 . Terminals 4 | . 4 . . Fabricators . | . . . . Repair Stations . | . . . . Recycling Units . | . . . . Scanalyzers . | . . . . Garrison Access . | . . . . Terminal Hacks 4 | . 4 . . Record 3 | . 3 . . Locate Traps 1 | . 1 . . Fabricator Hacks . | . . . . Repair Station Hacks . | . . . . Recycling Unit Hacks . | . . . . Scanalyzer . | . . . . Garrison Access Hacks . | . . . . Unauthorized Hacks . | . . . . Terminals . | . . . . Fabricators . | . . . . Repair Stations . | . . . . Recycling Units . | . . . . Scanalyzers . | . . . . Garrison Access . | . . . . Data Cores Recovered . | . . . . Used . | . . . . Hacking Detections . | . . . . Full Trace Events . | . . . . Feedback Events . | . . . . Feedback Blocked . | . . . . Robot Schematics Acquired . | . . . . Robots Built . | . . . . Matter . | . . . . Time . | . . . . Total Robot Build Rating . | . . . . Part Schematics Acquired . | . . . . Parts Built . | . . . . Matter . | . . . . Time . | . . . . Total Part Build Rating . | . . . . Parts Repaired . | . . . . Time . | . . . . Parts Recycled . | . . . . Recycled Matter . | . . . . Retrieved Matter . | . . . . Retrieved Components . | . . . . Parts Scanalyzed . | . . . . Part Schematics Acquired . | . . . . Parts Damaged . | . . . . Bothacking | -11 -10 -9 -9 ------------ Run | Scr Mat Mat Min Used RIF Installer . | . . . . Robots Hacked . | . . . . Non-combat . | . . . . Combat . | . . . . Robot Hacks Applied . | . . . . Relay Couplers Released . | . . . . Robots Rewired . | . . . . Allies Hacked . | . . . . Hacks Repelled . | . . . . Allies | -11 -10 -9 -9 -------- Run | Scr Mat Mat Min Total Allies . | . . . . Largest Group . | . . . . Highest-Rated Group . | . . . . Highest-Rated Ally . | . . . . Total Orders . | . . . . Ally Attacks . | . . . . Total Damage . | . . . . Kills . | . . . . Allies Corrupted . | . . . . Allies Melted . | . . . . Intel | -11 -10 -9 -9 ------- Run | Scr Mat Mat Min Robot Analysis Total . | . . . . Derelict Logs Recovered . | . . . . Drone Launches . | . . . . Drone Recoveries . | . . . . Exploration | -11 -10 -9 -9 ------------- Run | Scr Mat Mat Min Turns Passed 2627 | 73 1493 765 296 Spaces Moved 1514 | 58 948 372 136 Core 37 | 10 . 14 13 Treads . | . . . . Legs 1477 | 48 948 358 123 Wheels . | . . . . Hover . | . . . . Flight . | . . . . Fastest Speed 50 | 50 120 150 120 Average Speed 150 | 107 146 160 171 Slowest Speed 400 | 120 150 400 400 Overloaded Moves . | . . . . Propulsion Burnouts . | . . . . Robots Hopped . | . . . . Cave-ins Triggered . | . . . . Exploration Rate (%) 36 | 4 85 32 24 Regions Visited 3 Branch Regions 1 Pre-discovered Areas . | . . . . Known Exits Taken . | . . . . Unknown Exits Taken 3 | 1 1 1 . Scrap Searched . | . . . . Spaces Dug . | . . . . Terrain Destroyed 54 | . 8 46 . Melee . | . . . . Projectile . | . . . . AOE 54 | . 8 46 . Terrain Rammed . | . . . . Walls Destroyed . | . . . . Machines Disabled . | . . . . Actions | -11 -10 -9 -9 --------- Run | Scr Mat Mat Min Total 1690 | 68 1005 447 170 Wait 12 | . 12 . . Move 1511 | 57 947 371 136 Hop . | . . . . Pick Up 22 | 5 6 6 5 Fast Attach . | . . . . Attach 20 | 5 3 7 5 Detach . | . . . . Swap 3 | 1 1 . 1 Drop 1 | . 1 . . Fire 117 | . 34 63 20 Melee . | . . . . Ram 1 | . . . 1 Kick 3 | . 1 . 2 Crush . | . . . . Escape Stasis . | . . . . Rewire . | . . . . Trap . | . . . . Miscellaneous . | . . . . Route ------- -11/Scrapyard -10/Materials (discovered 4 exits: *Mat x3 / [*Min]) -9/Materials -9/Mines History --------- Turn | Location | Event 5 | -11/Scrapyard | Discovered new exit (range 16) 74 | -11/Scrapyard | Entered Materials 240 | -10/Materials | Discovered new exit (range 15) 310 | -10/Materials | Build established: Mutant 483 | -10/Materials | Discovered new exit (range 16) 714 | -10/Materials | Discovered new exit (range 15) 1045 | -10/Materials | Discovered new exit (range 8) 1567 | -10/Materials | Entered another Materials area 1567 | -9/Materials | Evolved 2 slots: Propulsion x1, Weapon x1 2003 | -9/Materials | Build established: Gunner 2137 | -9/Materials | Discovered new exit (range 11) 2290 | -9/Materials | Lost 6 parts (2n4w) 2332 | -9/Materials | Entered Mines 2337 | -9/Mines | Core integrity fell below 50% 2546 | -9/Mines | Assembled infested the area 2551 | -9/Mines | Assisted by a Guerilla fighting off Assembled 2600 | -9/Mines | Core integrity fell below 20% 2628 | -9/Mines | Destroyed by as-39360 with Assembled Heavy Rifle Last Messages --------------- D-53 Grenadier destroyed. Lgt. Assault Rifle destroyed. The unstable cave ceiling collapses. Med. Battery destroyed. D-53 Grenadier destroyed. The unstable cave ceiling collapses. Shotgun destroyed. Aluminum Leg destroyed. System corrupted by crushing effect (+3). Knocked back. as-55232 destroyed. Sml. Laser destroyed. System corrupted by crushing effect (+1). Acquired 1 matter. Slammed into as-02894. Destabilizing: Core damaged (-16). Slammed into as-02894. Aluminum Leg permanently disabled. Destabilizing: Short circuit. Slammed into as-02894. Map ----- +----------------------------------------------------+ | ???????????????????????????????????????? | | ???????????????????????????????????????? | | ???????????????????????????????????????? | | ???????????????????????????????????????? | | ???????????????????????????????????????? | | ???????????????????????????????????????? | | ???????????????????????????????????????? | | ???????????????????????????????????????? | | ???????????????????????????????????????? | | ???????????????????????????????????????? | | ???????????????????????????????????????? | | ???????????????????????????????????????? | | ???????????????????????????????????????? | | ???????????????????????????????????????? | | ???????????????????????????????????????? | | ???????????????????????????????????????? | | ???????????????????????????????????????? | | ???????????????????????????????????????? | | ???????????????????????????????????????? | | ?????????????#?????????????????????????? | | ?????????????# ????????????????????????? | | ?????????????# ????????????????????????? | | ?????????????# ????????????????????????? | | ?????????????# ###?????????????????????? | | ????????????## ###########???????????? | | ????????????# @ a ##??????????? | | ????????????# a #### # # ###?????????? | | ????????????# #?# # #?????????? | | ????????????# ?# # ####?????#?? | | ????????????# # = #???? #?? | | ????????????# # # #???#%## | | ????????????## ## # ####"% | | ?????????????# ## ## #?? | | ?????????????## ###### # ### #######?? | | ??????????????#####??# #???????? | | ?????????????????????# ####????? | | ?????????????????????# #????? | | ?????????????????####### ## #????? | | ???????######????# ##??#????? | | ??????## ##???# ##????????? | | ??????# ##### ###### #?????????? | | ???????# #????# #?????????? | | ???????## #????## ##?????????? | | ????????## ########?????###??????????? | | ?????????# ##????????????????????????? | | ?????????# #????????????????????????? | | ????????## ##???????????????????????? | | ??????### ##??????????????????????? | | ?????## ###????????????????????? | | ?????# ##???????????????????? | +----------------------------------------------------+ Best States ------------- Heat Dissipation 28 Energy Generation 10 Energy Capacity 325 Matter Stores 300 Matter Capacity 300 Sight Range 16 Terrain Scan Density 10 Resistance: KI 20 Resistance: TH 20 Resistance: EX 20 Resistance: EM 20 Resistance: I 20 Resistance: S 20 Resistance: P 20 Evasion (%) 40 Offensive Hacking 10 Item Schematics ----------------- None Robot Schematics ------------------ None Fabricated ------------ Nothing Alien Tech Used ----------------- None Achievements -------------- None Challenges ------------ None Game ------ Seed SurveybotRemoteRailgun Manual? 0 Play Time 00:29:29 Cumulative 2.9 hours Start 2021.04.24 @ 19:04:17 End 2021.04.24 @ 21:31:56 Sessions 3 Manual Loads 0 Difficulty Adventurer Special Mode None Game No. 4 Rogue 0 Adventurer 4 Explorer 0 Win Type - Total 0 Types 0/0/0/0/0/0/0/0/0 Lore% 12 Gallery% 7 Achievement% 8 Wizard Run 0 Options --------- ASCII 0 Keyboard 0 Movement Arrows Keybinds 0 Fullscreen 1 Font 18/SmallcapsGlow Map View 76x50 Tactical HUD 0 Map Filters NONE Filters NONE Steam 1 RUN: f40ea08d-34e0-467e-bc03-f87604eaf1dd